 Dungeon Crawl Stone Soup version 0.19.0-16-g73b5abf (webtiles) character file.

99 dobroeutro the Sneak (level 4, -6/42 HPs)
             Began as a Naga Monk on Nov 10, 2016.
             Mangled by a gnoll (9 damage)
             ... on level 2 of the Dungeon.
             The game lasted 00:04:38 (1961 turns).

dobroeutro the Sneak (Naga Monk)                    Turns: 1961, Time: 00:04:38

Health: -6/42      AC:  2    Str: 14    XL:     4   Next: 72%
Magic:  4/4        EV: 10    Int: 11    God:
Gold:   114        SH:  0    Dex: 13    Spells: 0 memorised, 3 levels left

rFire  . . .     SeeInvis +       - Unarmed
rCold  . . .     Gourm    .     a - +0 robe
rNeg   . . .     Faith    .     (no shield)
rPois  +         Spirit   .     (no helmet)
rElec  .         Reflect  .     (no cloak)
rCorr  .         Harm     .     (no gloves)
MR     .....                    (no barding)
Stlth  +++.......               (no amulet)
                                (no ring)
                                (no ring)

@: very slow
A: see invisible, deformed body, poison resistance, slowness 2, slow metabolism
1, spit poison 1, AC +1
a: Spit Poison


You were on level 2 of the Dungeon.
You were not hungry.

You visited 1 branch of the dungeon, and saw 2 of its levels.

You collected 114 gold pieces.

Inventory:

Armour
 a - a +0 robe (worn)
Jewellery
 n - an uncursed ring of stealth {unknown}
Scrolls
 c - 3 scrolls of teleportation {unknown}
 f - a scroll of recharging {unknown}
 i - 2 scrolls of noise {unknown}
 j - a scroll of fog {unknown}
 l - a scroll of remove curse {unknown}
Comestibles
 b - 2 bread rations
 d - 3 meat rations
 g - 2 chunks of flesh
 h - 3 fruits
 k - a royal jelly


   Skills:
 - Level 3.0 Fighting
 - Level 2.4 Dodging
 + Level 5.2 Stealth
 + Level 4.4 Unarmed Combat


You had 3 spell levels left.
You didn't know any spells.

Dungeon Overview and Level Annotations

Branches:
Dungeon (2/15)

Altars:
Dithmenos


Innate Abilities, Weirdness & Mutations

You cannot wear boots.
Your serpentine skin is tough. (AC +1)
You have supernaturally acute eyesight. (SInv)
Armour fits poorly on your strangely shaped body.
Your system is resistant to poisons. (rPois)
You cover ground very slowly.
You have a slow metabolism.
You can spit poison.


Message History

The gnoll throws a stone.
The stone barely misses you.
You hit the gnoll.
You kill the gnoll!
The gnoll hits you.
* * * LOW HITPOINT WARNING * * *
The gnoll closely misses you.
You hit the gnoll.
The gnoll is moderately wounded.
The gnoll hits you.
* * * LOW HITPOINT WARNING * * *
You hit the gnoll.
The gnoll is severely wounded.
The gnoll barely misses you.
You completely miss the gnoll.
The gnoll is severely wounded.
The gnoll barely misses you.
You hit the gnoll.
The gnoll is almost dead.
The gnoll hits you!
You die...

#..#.#..#.##.###.#...<..######. .
#......#....# #.#......# #. ..
#...........# #.#......# #.
..##........#.####.#......# #.
...........<#.............# ###.
..........#(#.#.#..#.#########...
#.#.......)...#.#..#.#..........†
#.......#.#...#.#..#.#...........
#.#.........(..g@).#.#..........)
#....#....###.#.#((..#...........
#.#..#....###.(.#..###...........
###.##.........##..# #...........
###.##.##(####.##..##############
#...##....# #..#....# #.#########
##.#..#### ..## #.# #g......##
##.# #.# ###.........#


You could see a gnoll.

Vanquished Creatures
  2 gnolls
  3 adders (D:2)
  An ooze (D:2)
  A worm (D:2)
  2 dart slugs (D:1)
  A ball python (D:2)
  5 bats
  7 goblins
  2 hobgoblins (D:1)
  9 kobolds
  A quokka (D:2)
  2 frilled lizards
  7 rats
43 creatures vanquished.

Notes
Turn   | Place    | Note
-------+----------+-------------------------------------------
     0 | D:1      | dobroeutro the Naga Monk began the quest for the Orb.
     0 | D:1      | Reached XP level 1. HP: 21/21 MP: 1/1
   178 | D:1      | Reached XP level 2. HP: 14/28 MP: 2/2
   971 | D:2      | Reached XP level 3. HP: 22/34 MP: 3/3
  1157 | D:1      | Reached skill level 4 in Stealth
  1352 | D:2      | Reached XP level 4. HP: 32/42 MP: 4/4
  1635 | D:2      | Reached skill level 5 in Stealth
  1863 | D:2      | Found a shadowy altar of Dithmenos.
  1950 | D:2      | HP: 1/42 [gnoll/stone (7)]
  1961 | D:2      | Mangled by a gnoll

Skill      XL: |  1  2  3  4 |
---------------+-------------+-----
Unarmed Combat | 4 |  4.4
Stealth        | 4 5 |  5.2
Fighting       | |  3.0
Dodging        | |  2.4

Action                   |  1- 3 |  4- 6 || total
-------------------------+-------+-------++-------
Melee: Unarmed           |    86 |    75 ||   161
       Punch             |     2 |     1 ||     3
 Abil: Spit Poison       |     2 |       ||     2
  Use: Potion            |     4 |     2 ||     6
 Stab: Sleeping          |     6 |       ||     6
  Eat: Chunk             |     1 |     1 ||     2
Armor: Robe              |    10 |     8 ||    18
Dodge: Dodged            |    46 |    46 ||    92
